[Event "Titled Tuesday Blitz November 08 Early 2022"]
[White "Nouri, Alekhine"]
[Black "Ristic, Nebojsa B"]
[WhiteFideId "5216184"]
[BlackFideId "935468"]
[WhiteElo "2151"]
[BlackElo "2320"]
[Result "1-0"]
[Round "11"]
[TimeControl "180+1"]
[Date "2022.11.09"]
[WhiteClock "0:01:48"]
[BlackClock "0:00:25"]

1. e4 Nc6 2. d4 d6 3. Nc3 Nf6 4. Nf3 g6 5. h3 Bg7 6. Be3 O-O 7. Qd2 a6 8. O-O-O b5 9. g4 Bb7 10. g5 Nd7 11. h4 Na5 12. h5 c5 13. Nd5 Bxd5 14. exd5 Nc4 15. Bxc4 bxc4 16. dxc5 Nxc5 17. Bd4 e5 18. dxe6 Nxe6 19. Bxg7 Nxg7 20. h6 Ne6 21. Qc3 Ra7 22. Rhe1 Qb6 23. Re2 Rb8 24. Rde1 d5 25. Nd4 Re8 26. Nf5 Rb7 27. Qg7+ Nxg7 28. Rxe8+ Nxe8 29. Rxe8# 1-0


[Site "https://www.chess.com"]

[Event "Titled Tuesday Blitz November 08 Early 2022"]
[White "Nurmanova, Alua"]
[Black "Goltsev, Dmitry"]
[WhiteFideId "13729390"]
[BlackFideId "24176710"]
[WhiteElo "2120"]
[BlackElo "2289"]
[Result "0-1"]
[Round "11"]
[TimeControl "180+1"]
[Date "2022.11.09"]
[WhiteClock "0:00:37"]
[BlackClock "0:01:35"]

1. e4 e6 2. d4 d5 3. Nc3 Nf6 4. e5 Nfd7 5. f4 c5 6. Nf3 Nc6 7. Be3 a6 8. Qd2 b5 9. dxc5 Nxc5 10. Qf2 Ne4 11. Nxe4 dxe4 12. Nd2 Bb7 13. O-O-O Nb4 14. a3 Nd5 15. Nxe4 Rc8 16. Kb1 Qa5 17. Bc5 b4 18. Bxf8 Kxf8 19. Rd3 bxa3 20. Rxa3 Qb4 21. Nd6 Rc3 22. Rxc3 Nxc3+ 23. Kc1 Na2+ 24. Kb1 Nc3+ 25. Kc1 Na2+ 26. Kb1 Bd5 27. Bd3 g6 28. Qa7 Nc3+ 29. Kc1 Qxf4+ 0-1


[Site "https://www.chess.com"]

[Event "Titled Tuesday Blitz November 08 Early 2022"]
[White "Odegov, Artem"]
[Black "Ilkhomi, Jaloliddin"]
[WhiteFideId "34183644"]
[BlackFideId "14700948"]
[WhiteElo "2298"]
[BlackElo "2045"]
[Result "1-0"]
[Round "11"]
[TimeControl "180+1"]
[Date "2022.11.09"]
[WhiteClock "0:00:51"]
[BlackClock "0:00:18"]

1. d4 Nf6 2. c4 e6 3. Nf3 Bb4+ 4. Nc3 O-O 5. g3 b6 6. Bg2 Bb7 7. O-O Bxc3 8. bxc3 Ne4 9. Qc2 f5 10. Nd2 d5 11. Rb1 Nd7 12. f3 Nxd2 13. Bxd2 e5 14. cxd5 Bxd5 15. e4 Bc4 16. Rfe1 fxe4 17. fxe4 Nf6 18. Bg5 h6 19. dxe5 hxg5 20. exf6 Rxf6 21. e5 Rf8 22. Qe4 Bd3 23. Qxa8 Bxb1 24. Qxd8 Rxd8 25. Rxb1 Rd2 26. Re1 Kf8 27. a4 Ke7 28. e6 Ra2 29. Bc6 Rc2 30. Re3 g4 31. Bb5 g5 32. Be2 Ra2 33. Re4 a5 34. Bxg4 c6 35. Be2 b5 36. axb5 cxb5 37. Bxb5 Rb2 38. Bd7 a4 39. Rxa4 g4 40. Rxg4 Re2 41. c4 Kd6 42. h4 Ke7 43. c5 Kf6 44. c6 Rc2 45. h5 Kf5 46. e7+ Kf6 47. Re4 Kg7 48. e8=Q Rc1+ 49. Kg2 Rc2+ 50. Kh3 Rxc6 51. Bxc6 Kf6 52. Bb5 Kf5 53. Ba4 Kg5 54. Bc2 Kh6 55. Bb1 Kg5 56. Ba2 Kf6 57. Bb3 Kf5 58. Bc4 Kf6 59. Bd3 Kg7 60. g4 Kh6 61. Kh4 Kh7 62. g5 Kg7 63. Kg4 Kh7 64. Re7# 1-0


[Site "https://www.chess.com"]

[Event "Titled Tuesday Blitz November 08 Early 2022"]
[White "Orozbaev, Eldiar"]
[Black "Howell, David W L"]
[WhiteFideId "13802240"]
[BlackFideId "410608"]
[WhiteElo "2244"]
[BlackElo "2567"]
[Result "1-0"]
[Round "11"]
[TimeControl "180+1"]
[Date "2022.11.08"]
[WhiteClock "0:00:34"]
[BlackClock "0:00:04"]

1. e4 g6 2. d4 Bg7 3. Nc3 c6 4. Be3 d5 5. f3 b5 6. a3 a6 7. b4 f6 8. a4 bxa4 9. Nxa4 Nh6 10. Nc5 O-O 11. Qd2 Nf7 12. Bd3 Nd7 13. Ne6 Qb6 14. Nxf8 Nxf8 15. c3 Bb7 16. Ne2 Nd6 17. O-O Qc7 18. Ra5 Nd7 19. Rfa1 Nb6 20. Bf4 Qc8 21. Bxd6 exd6 22. exd5 Nxd5 23. Nf4 Nc7 24. Qa2+ d5 25. Bf1 Bh6 26. Nd3 Nb5 27. Qc2 Qf5 28. Qb3 Bd2 29. Nc5 Bxc3 30. Nxb7 Bxd4+ 31. Kh1 Bxa1 32. Rxa1 Ra7 33. Bxb5 cxb5 34. Nc5 Kg7 35. Rd1 Re7 36. h3 Re2 37. Qd3 Qe5 38. Qd4 Re1+ 39. Rxe1 Qxe1+ 40. Kh2 a5 41. bxa5 Qxa5 42. Ne6+ Kf7 43. Qxd5 Ke7 44. Nc5 Qc7+ 45. Kh1 Qf4 46. Qe6+ Kf8 47. Nd7+ Kg7 48. Qe7+ Kh6 49. Qxf6 Qc1+ 50. Kh2 b4 51. Qf8+ Kg5 52. Qxb4 Qc7+ 53. f4+ Qxf4+ 54. Qxf4+ Kxf4 55. Nf8 1-0


[Site "https://www.chess.com"]

[Event "Titled Tuesday Blitz November 08 Early 2022"]
[White "Osmonbekov, Talaibek"]
[Black "Hajiyev, Kanan"]
[WhiteFideId "2017253"]
[BlackFideId "13404148"]
[WhiteElo "2135"]
[BlackElo "2118"]
[Result "1/2-1/2"]
[Round "11"]
[TimeControl "180+1"]
[Date "2022.11.09"]
[WhiteClock "0:00:19"]
[BlackClock "0:00:10"]

1. d4 d5 2. Bf4 c5 3. e3 cxd4 4. exd4 Nc6 5. Nc3 Nf6 6. Nb5 e5 7. dxe5 a6 8. Nd4 Ne4 9. Ngf3 Bc5 10. c3 Bg4 11. Be2 O-O 12. O-O Rc8 13. h3 Bh5 14. Nf5 Bg6 15. N3d4 Re8 16. Nd6 Nxd6 17. exd6 Bxd6 18. Bxd6 Nxd4 19. Qxd4 Rxe2 20. Qxd5 Be4 21. Qd4 Qg5 22. Bg3 Rd8 23. Qe5 Qg6 24. Rad1 Rf8 25. c4 Bf3 26. Qc3 Qxg3 27. fxg3 Rxg2+ 28. Kh1 Bc6 29. Rd5 Re2 30. Rd1 Rfe8 31. h4 h6 32. a4 R8e3 33. Qd4 Rxg3 34. b4 Rh3+ 35. Kg1 Rg3+ 36. Kf1 Rh2 37. b5 axb5 38. axb5 Bxd5 39. cxd5 Rf3+ 40. Kg1 Rhh3 41. d6 Rhg3+ 42. Kh1 Rh3+ 43. Kg2 Rhg3+ 44. Kh2 Rh3+ 45. Kg2 Rhg3+ 46. Kh2 Rh3+ 47. Kg2 1/2-1/2


[Site "https://www.chess.com"]

[Event "Titled Tuesday Blitz November 08 Early 2022"]
[White "Ostrovskiy, Aleksandr"]
[Black "Mouhamad, Joachim"]
[WhiteFideId "2034239"]
[BlackFideId "656410"]
[WhiteElo "2340"]
[BlackElo "2164"]
[Result "1-0"]
[Round "11"]
[TimeControl "180+1"]
[Date "2022.11.09"]
[WhiteClock "0:00:02"]
[BlackClock "0:00:02"]

1. e4 c5 2. Nc3 Nc6 3. Bb5 Nd4 4. Nf3 g6 5. Bc4 Bg7 6. Nxd4 cxd4 7. Qf3 Nh6 8. Ne2 O-O 9. d3 e6 10. Nxd4 d5 11. exd5 exd5 12. Qxd5 Re8+ 13. Ne2 Qe7 14. Be3 Ng4 15. O-O Nxe3 16. fxe3 Qxe3+ 17. Rf2 Be6 18. Qb5 a6 19. Qb3 b5 20. Bxe6 Rxe6 21. Rf1 Rae8 22. Kh1 Bd4 23. g3 Qxf2 24. Rxf2 Bxf2 25. Nf4 Re1+ 26. Kg2 Be3 27. Nd5 Bd4 28. Qb4 R1e2+ 29. Kh3 Bg7 30. Nf4 Rxc2 31. Qd6 h5 32. Nd5 Ree2 33. g4 Rxh2+ 34. Kg3 1-0


[Site "https://www.chess.com"]

[Event "Titled Tuesday Blitz November 08 Early 2022"]
[White "Perez Gormaz, Matias"]
[Black "Storey, Charles H"]
[WhiteFideId "3406342"]
[BlackFideId "406686"]
[WhiteElo "2341"]
[BlackElo "2252"]
[Result "1-0"]
[Round "11"]
[TimeControl "180+1"]
[Date "2022.11.09"]
[WhiteClock "0:00:17"]
[BlackClock "0:00:07"]

1. e4 g6 2. d4 Bg7 3. Nf3 c5 4. dxc5 Qa5+ 5. c3 Qxc5 6. Na3 b6 7. Nb5 Bb7 8. Be3 Qc8 9. Bd3 Nc6 10. O-O Nf6 11. a4 a6 12. Na3 Qc7 13. h3 d6 14. Re1 O-O 15. Nc4 Nd7 16. Bf4 b5 17. axb5 axb5 18. Ne3 b4 19. Nd5 Qd8 20. Rxa8 Bxa8 21. cxb4 Bxb2 22. b5 Nce5 23. Nxe5 Nxe5 24. Bf1 Bxd5 25. Qxd5 Qa5 26. Rb1 Qa3 27. b6 Rb8 28. b7 h5 29. Kh1 e6 30. Qb5 Bd4 31. Qa6 Qc5 32. Rc1 Qa7 33. Rc8+ Kg7 34. Qxd6 Rxb7 35. Qf8+ 1-0


[Site "https://www.chess.com"]

[Event "Titled Tuesday Blitz November 08 Early 2022"]
[White "Pinheiro, Iung Alicio de O."]
[Black "Peyrer, Konstantin"]
[WhiteFideId "2104350"]
[BlackFideId "1640879"]
[WhiteElo "2283"]
[BlackElo "2415"]
[Result "0-1"]
[Round "11"]
[TimeControl "180+1"]
[Date "2022.11.09"]
[WhiteClock "0:00:07"]
[BlackClock "0:00:49"]

1. d4 Nf6 2. c4 e6 3. g3 c5 4. d5 exd5 5. cxd5 d6 6. Nf3 g6 7. Bg2 Bg7 8. O-O O-O 9. Nc3 Re8 10. Re1 Ne4 11. Nxe4 Rxe4 12. Nd2 Re8 13. a4 Nd7 14. a5 h5 15. Qc2 h4 16. Ra4 hxg3 17. hxg3 Ne5 18. Rh4 Qxa5 19. Rd1 b5 20. Ne4 Bf5 21. Bg5 Bxe4 22. Bxe4 c4 23. Kg2 b4 24. Rdh1 b3 25. Qc1 f5 26. Bb1 Nf7 27. e4 c3 28. bxc3 Qxc3 29. Qf4 Be5 30. Qe3 Qxe3 31. Bxe3 Bf6 32. R4h3 fxe4 33. f3 exf3+ 34. Kxf3 Kg7 35. Bf4 Rh8 36. Rxh8 Rxh8 37. Rc1 g5 38. Be3 a5 0-1


[Site "https://www.chess.com"]

[Event "Titled Tuesday Blitz November 08 Early 2022"]
[White "Postny, Evgeny"]
[Black "Safin, Robert"]
[WhiteFideId "2804344"]
[BlackFideId "34189120"]
[WhiteElo "2476"]
[BlackElo "2253"]
[Result "0-1"]
[Round "11"]
[TimeControl "180+1"]
[Date "2022.11.08"]
[WhiteClock "0:00:06"]
[BlackClock "0:00:08"]

1. e4 c5 2. Nf3 e6 3. b3 b6 4. Bb2 Bb7 5. Bd3 Nc6 6. O-O d6 7. c3 Nf6 8. Bc2 Be7 9. Re1 O-O 10. a3 Qc7 11. d4 e5 12. d5 Na5 13. c4 a6 14. Nc3 Nh5 15. g3 Nf6 16. Nh4 Bc8 17. f3 Nh5 18. Ng2 Bd7 19. a4 g6 20. Bd3 Ng7 21. f4 Bf6 22. Qc2 Rae8 23. Kh1 Nh5 24. Rf1 exf4 25. gxf4 Bg7 26. Be2 Nf6 27. Rae1 Bh3 28. Bf3 h5 29. Rf2 Ng4 30. Rfe2 Qe7 31. e5 dxe5 32. f5 gxf5 33. Nf4 Qh4 34. Nxh3 Qxh3 35. Bxg4 hxg4 36. Qxf5 Nxb3 37. Re3 Nd4 38. Rxh3 Nxf5 39. Rh5 Nd4 40. Ne4 f5 41. Nd6 Rd8 42. Bxd4 Rxd6 43. Bxe5 Bxe5 44. Rxe5 Rdf6 45. Rg5+ Kh7 46. Re7+ R8f7 47. Re8 Rg7 48. Rh5+ Kg6 49. Rhh8 Kg5 50. Reg8 Rxg8 51. Rxg8+ Kf4 52. Re8 Kf3 53. Re6 Rf8 54. Rxb6 Rh8 55. Rb3+ Ke4 56. Rb1 Kd4 57. Rf1 Rf8 58. Rc1 f4 59. Kg2 a5 60. Kf2 Kd3 61. Rb1 Kxc4 62. d6 Rd8 63. Rd1 Kb4 64. Rd5 c4 65. d7 Kb3 66. Rxa5 Rxd7 67. Ra8 Rd2+ 68. Ke1 Rxh2 69. a5 f3 70. Rb8+ Kc3 71. a6 Ra2 72. Rb6 g3 0-1


[Site "https://www.chess.com"]

[Event "Titled Tuesday Blitz November 08 Early 2022"]
[White "Pranav, V"]
[Black "Madaminov, Mukhiddin"]
[WhiteFideId "25060783"]
[BlackFideId "14210703"]
[WhiteElo "2430"]
[BlackElo "2341"]
[Result "1-0"]
[Round "11"]
[TimeControl "180+1"]
[Date "2022.11.08"]
[WhiteClock "0:00:26"]
[BlackClock "0:00:02"]

1. e4 e5 2. Nf3 Nc6 3. Bc4 Bc5 4. c3 Nf6 5. d3 a6 6. Nbd2 O-O 7. O-O d6 8. a4 Ba7 9. h3 Ne7 10. Re1 Ng6 11. Nf1 Nh5 12. d4 Nhf4 13. Bxf4 Nxf4 14. dxe5 Bxh3 15. gxh3 Nxh3+ 16. Kg2 Qc8 17. e6 Nf4+ 18. Kg3 fxe6 19. Ng5 d5 20. exd5 exd5 21. Bxd5+ Kh8 22. Be6 Bxf2+ 23. Kh2 Nxe6 24. Rxe6 Rf5 25. Re2 Bc5 26. Rg2 Bd6+ 27. Kh1 h6 28. Ne4 Be5 29. Qe2 Rf4 30. Kg1 Qh3 31. Nf2 Qf5 32. Ng3 Qf6 33. Nh5 Qf5 34. Nxf4 Bxf4 35. Nd3 Rf8 36. Nxf4 Qxf4 37. Rf1 1-0


[Site "https://www.chess.com"]

[Event "Titled Tuesday Blitz November 08 Early 2022"]
[White "Prem, Pranav"]
[Black "Donskov, Anatoly"]
[WhiteFideId "30901057"]
[BlackFideId "24143413"]
[WhiteElo "1970"]
[BlackElo "2219"]
[Result "1-0"]
[Round "11"]
[TimeControl "180+1"]
[Date "2022.11.09"]
[WhiteClock "0:00:07"]
[BlackClock "0:00:08"]

1. d4 d5 2. c4 dxc4 3. Nf3 Nf6 4. e3 e6 5. Bxc4 c5 6. O-O a6 7. Bb3 Nc6 8. Nc3 b5 9. a4 b4 10. Ne2 Bb7 11. Qc2 cxd4 12. Nexd4 Rc8 13. Nxc6 Rxc6 14. Qe2 Rc8 15. Rd1 Rc6 16. Rxd8+ Kxd8 17. Ne5 Rc7 18. Bd2 Bd6 19. Nc4 Bc5 20. Rc1 Ke7 21. Ne5 a5 22. Qb5 Ne4 23. Be1 Rhc8 24. Nd3 Bc6 25. Qc4 Bd5 26. Qc2 Bb6 27. Qd1 Bxb3 28. Rxc7+ Rxc7 29. Qxb3 f5 30. Kf1 g5 31. Ke2 h5 32. f3 Nf6 33. g3 Nd5 34. Bd2 g4 35. fxg4 hxg4 36. Nf4 Rd7 37. Nxd5+ Rxd5 38. Qc4 Kf6 39. Qc8 Bd8 40. Qb7 Be7 41. e4 fxe4 42. Be3 Bd6 43. Qa7 Be5 44. Qh7 Bxb2 45. Qh8+ Kf5 46. Qxb2 e5 47. Qb1 Rd3 48. Qf1+ Ke6 49. Qf8 Ra3 50. Qc8+ Kd5 51. Qa8+ Kc4 52. Qxa5 Kb3 53. Qb5 Rxa4 54. Qxe5 Ra2+ 55. Bd2 Kc4 56. Qxe4+ Kc5 57. Qxg4 b3 58. Kd3 b2 59. Qg5+ Kc6 60. Kc2 b1=Q+ 61. Kxb1 Rxd2 62. Qxd2 Kc5 63. g4 1-0


[Site "https://www.chess.com"]

[Event "Titled Tuesday Blitz November 08 Early 2022"]
[White "Putnam, Liam"]
[Black "Urazayev, Arystanbek"]
[WhiteFideId "30938279"]
[BlackFideId "13709810"]
[WhiteElo "2082"]
[BlackElo "2441"]
[Result "1-0"]
[Round "11"]
[TimeControl "180+1"]
[Date "2022.11.08"]
[WhiteClock "0:00:07"]
[BlackClock "0:00:41"]

1. e4 c5 2. Nf3 d6 3. d4 cxd4 4. Nxd4 Nf6 5. Nc3 a6 6. Bd3 e5 7. Nde2 Nc6 8. O-O Be6 9. f4 exf4 10. Nxf4 Ne5 11. Kh1 Be7 12. Qe2 O-O 13. Nxe6 fxe6 14. Bf4 Nfd7 15. Bc4 Nxc4 16. Qxc4 Nc5 17. a4 Bg5 18. Bxg5 Qxg5 19. b4 b5 20. axb5 axb5 21. Rxa8 Rxa8 22. Nxb5 Nb7 23. Qxe6+ Kh8 24. Qf7 Qd8 25. Qxb7 Rb8 26. Qc7 Qg8 27. Nxd6 h6 28. Nf7+ Kh7 29. Qc5 Qe8 30. Qf5+ Kg8 31. Nd6 Qc6 32. Qd5+ Qxd5 33. exd5 Rxb4 34. Rd1 Kf8 35. c4 Ke7 36. Nf5+ Kd7 37. c5 g6 38. c6+ Kc8 39. d6 gxf5 40. d7+ 1-0


[Site "https://www.chess.com"]

[Event "Titled Tuesday Blitz November 08 Early 2022"]
[White "Reprintsev, Alexander"]
[Black "Biastoch, Bennet"]
[WhiteFideId "14100541"]
[BlackFideId "12939889"]
[WhiteElo "2230"]
[BlackElo "2221"]
[Result "0-1"]
[Round "11"]
[TimeControl "180+1"]
[Date "2022.11.09"]
[WhiteClock "0:00:04"]
[BlackClock "0:00:57"]

1. e4 c5 2. b3 Nf6 3. e5 Nd5 4. Nc3 Nxc3 5. dxc3 d6 6. Nf3 Bg4 7. Be2 Nc6 8. O-O e6 9. exd6 Qxd6 10. h3 Bh5 11. Bg5 h6 12. Bh4 g5 13. Bg3 Qxd1 14. Rfxd1 Bg7 15. Rd3 Rd8 16. Rxd8+ Kxd8 17. Rd1+ Kc8 18. c4 Rd8 19. Rxd8+ Kxd8 20. a3 Bb2 21. a4 Nb4 22. Bd6 b6 23. Bf8 Nxc2 24. Bxh6 f6 25. Bd3 Na1 26. Nd2 f5 27. Bxg5+ Kd7 28. Bf4 Bd1 29. Bb8 a6 30. h4 Nxb3 31. Nxb3 Bxb3 32. Ba7 Kc7 33. a5 bxa5 34. Bxc5 a4 35. f3 a3 36. Bxa3 Bxa3 37. g4 fxg4 38. fxg4 Bb2 39. g5 a5 40. h5 Kd7 41. h6 Ke7 42. g6 a4 43. c5 a3 44. Bb1 a2 45. Bxa2 Bxa2 46. c6 Bb1 47. c7 Kd7 48. g7 Bh7 0-1


[Site "https://www.chess.com"]

[Event "Titled Tuesday Blitz November 08 Early 2022"]
[White "Roque Sola, Jose Luis"]
[Black "Thiel, Thomas"]
[WhiteFideId "5120390"]
[BlackFideId "4615964"]
[WhiteElo "2117"]
[BlackElo "2204"]
[Result "1/2-1/2"]
[Round "11"]
[TimeControl "180+1"]
[Date "2022.11.09"]
[WhiteClock "0:00:32"]
[BlackClock "0:00:58"]

1. c4 Nf6 2. Nc3 g6 3. Nf3 Bg7 4. g3 c6 5. Bg2 d5 6. d4 O-O 7. O-O dxc4 8. Ne5 Nbd7 9. Nxc4 Nb6 10. Ne5 Nfd7 11. Nxd7 Qxd7 12. Bf4 Qxd4 13. Qxd4 Bxd4 14. Rad1 Bxc3 15. bxc3 Be6 16. Rd2 Rfd8 17. Rfd1 Rxd2 18. Rxd2 Nd5 19. Bxd5 Bxd5 20. Rb2 b5 21. Be3 a5 22. Bc5 a4 23. Bxe7 Re8 24. Bc5 Bc4 25. e3 f5 26. Rd2 Bd5 27. a3 Kf7 28. Kf1 Re4 29. Rd4 Re6 30. Ke2 h5 31. h4 Kf6 32. Rd2 g5 33. hxg5+ Kxg5 34. Rd4 Kg6 35. Kd2 Be4 36. Bb4 Bd5 37. Bc5 Kg5 38. Bb6 Re4 39. Bd8+ Kg4 40. Rxe4+ fxe4 41. Ke1 Kf3 42. Be7 Bc4 43. Bb4 Kg4 44. Bd6 h4 45. gxh4 Kxh4 46. Bg3+ Kg4 47. Bd6 Kf5 48. Kd2 Ke6 49. Bc5 Kd5 50. Bf8 c5 51. Be7 Bf1 52. Bf8 Kc4 53. Kc2 Bd3+ 54. Kb2 Bf1 55. Be7 Bg2 56. Bf8 Bf3 57. Be7 Kd5 58. Bf8 c4 59. Bb4 1/2-1/2


[Site "https://www.chess.com"]

[Event "Titled Tuesday Blitz November 08 Early 2022"]
[White "Santos Flores, Alberto"]
[Black "Gurevich, Dmitry"]
[WhiteFideId "3601234"]
[BlackFideId "2000407"]
[WhiteElo "2235"]
[BlackElo "2506"]
[Result "1-0"]
[Round "11"]
[TimeControl "180+1"]
[Date "2022.11.09"]
[WhiteClock "0:00:43"]
[BlackClock "0:01:02"]

1. e4 c5 2. Nf3 d6 3. d4 cxd4 4. Nxd4 Nf6 5. Nc3 Nc6 6. Bg5 g6 7. Bxf6 exf6 8. Qd2 Bg7 9. Ndb5 O-O 10. Qxd6 Qa5 11. Qc7 f5 12. Qxa5 Nxa5 13. O-O-O a6 14. Nc7 Ra7 15. N7d5 b5 16. exf5 Bxf5 17. Bd3 Be6 18. Nf4 Bh6 19. g3 Rc8 20. Kb1 Bxf4 21. gxf4 Rac7 22. h4 Kg7 23. h5 Nc4 24. Rdg1 Nxb2 25. Kxb2 Rxc3 26. f5 Rxd3 27. cxd3 Bxf5 28. hxg6 hxg6 29. Rd1 Re8 30. Rhe1 Rd8 31. d4 b4 32. d5 Rd6 33. a3 bxa3+ 34. Kxa3 Kf6 35. Kb4 Rb6+ 36. Kc5 Rb5+ 37. Kc6 Rb2 38. Rc1 Rxf2 39. d6 Rd2 40. Red1 Rxd1 41. Rxd1 a5 42. Rf1 a4 43. d7 Ke7 44. Rxf5 1-0


[Site "https://www.chess.com"]

[Event "Titled Tuesday Blitz November 08 Early 2022"]
[White "Savic, Miomir"]
[Black "Goroshkov, Maksym"]
[WhiteFideId "934550"]
[BlackFideId "14142716"]
[WhiteElo "2122"]
[BlackElo "2257"]
[Result "0-1"]
[Round "11"]
[TimeControl "180+1"]
[Date "2022.11.09"]
[WhiteClock "0:00:37"]
[BlackClock "0:00:06"]

1. d4 Nf6 2. Bg5 Ne4 3. Bf4 g5 4. Bc1 e6 5. f3 Nd6 6. e4 g4 7. e5 Nf5 8. fxg4 Ne7 9. Nc3 d6 10. Ne4 Bg7 11. Bd3 dxe5 12. dxe5 Bxe5 13. Nf3 Bg7 14. Bg5 Nbc6 15. Qe2 Nd4 16. Nxd4 Qxd4 17. Rd1 c6 18. Bc4 Qe5 19. Nd6+ Kf8 20. O-O Qxg5 21. Rxf7+ Kg8 22. Nxc8 Nd5 23. Bxd5 cxd5 24. Qxe6 h6 25. Rf5+ Kh7 26. Rxg5 hxg5 27. Ne7 Rhe8 28. Qg6+ Kh8 29. Nf5 Bxb2 30. Nh6 Re7 31. Nf7+ Rxf7 32. Qxf7 Bg7 33. Rxd5 Rf8 34. Qh5+ Kg8 35. Rf5 Re8 36. h4 Re1+ 37. Kh2 gxh4 38. Qe8+ Rxe8 39. Kh3 Re2 40. Kxh4 Rxc2 41. Kg5 Rxa2 42. g3 Ra6 43. Rd5 Rb6 44. Kh5 Kh7 45. g5 a6 46. Rd7 Rb5 47. g4 a5 48. Rd6 a4 49. Kh4 a3 50. g6+ Kg8 51. Rd8+ Bf8 52. Ra8 b6 53. Ra6 Ra5 54. Rxb6 a2 55. Rb8 a1=Q 56. g5 Qh1+ 0-1


[Site "https://www.chess.com"]

[Event "Titled Tuesday Blitz November 08 Early 2022"]
[White "Schmidt, Tobias"]
[Black "Zaragatski, Ilja"]
[WhiteFideId "1271683"]
[BlackFideId "4655192"]
[WhiteElo "2328"]
[BlackElo "2460"]
[Result "1-0"]
[Round "11"]
[TimeControl "180+1"]
[Date "2022.11.09"]
[WhiteClock "0:00:12"]
[BlackClock "0:00:07"]

1. e4 e6 2. d4 d5 3. Nc3 Nc6 4. Nf3 Nf6 5. Bd3 Nb4 6. Bb5+ c6 7. e5 cxb5 8. exf6 Qxf6 9. Nxb5 Qd8 10. Bf4 Na6 11. O-O Be7 12. b3 O-O 13. c4 Bd7 14. Rc1 dxc4 15. bxc4 Bxb5 16. cxb5 Nb4 17. Qb3 Nd5 18. Be5 Qa5 19. Rc4 Rac8 20. Rfc1 Rxc4 21. Rxc4 h6 22. g3 Rd8 23. Qa4 Qxa4 24. Rxa4 f6 25. Bf4 Nxf4 26. gxf4 Ra8 27. Nd2 Bd6 28. Nc4 Bxf4 29. Nb6 Rd8 30. Rxa7 Rxd4 31. Rxb7 Rd2 32. a4 Be5 33. Nc4 Rd1+ 34. Kg2 Bd4 35. Rd7 e5 36. b6 Rb1 37. b7 Kh7 38. a5 Rb4 39. a6 Ba7 40. Na5 Rb6 41. Nc4 Rxa6 42. Ne3 Rb6 43. Nf5 Kg6 44. Ne7+ Kg5 45. Nc8 1-0


[Site "https://www.chess.com"]

[Event "Titled Tuesday Blitz November 08 Early 2022"]
[White "Seletsky, Grigory"]
[Black "Roque Sola, Gisela"]
[WhiteFideId "14112191"]
[BlackFideId "5120241"]
[WhiteElo "2492"]
[BlackElo "1961"]
[Result "1-0"]
[Round "11"]
[TimeControl "180+1"]
[Date "2022.11.09"]
[WhiteClock "0:00:25"]
[BlackClock "0:00:17"]

1. e4 c5 2. Nc3 Nc6 3. d3 g6 4. Be3 Bg7 5. Bxc5 Qa5 6. Be3 Bxc3+ 7. bxc3 Qxc3+ 8. Bd2 Qg7 9. f4 e5 10. Nf3 Nge7 11. Be2 O-O 12. fxe5 Nxe5 13. Nxe5 Qxe5 14. O-O d5 15. Bf3 dxe4 16. Bxe4 Bf5 17. Bh6 Rfd8 18. Qf3 Rac8 19. g4 Bxe4 20. Qxf7+ Kh8 21. dxe4 Qd4+ 22. Qf2 Qxf2+ 23. Rxf2 Rd4 24. Re1 Ng8 25. Bf4 Re8 26. e5 h6 27. h3 g5 28. Bg3 Kg7 29. Ref1 Rd7 30. Rb1 Ne7 31. c4 Nc6 32. Re1 Re6 33. Ree2 Rde7 34. Rf5 Nd4 35. Ref2 Nc6 36. Kg2 Nxe5 37. Rc2 Nc6 38. Bf2 Re2 39. Rxe2 Rxe2 40. Kf3 Rxa2 41. Rd5 Rb2 42. Rd7+ Kf6 43. Rd6+ Ke7 44. Rxh6 Ne5+ 45. Ke4 Re2+ 46. Kd5 Rxf2 47. Kxe5 Rf4 48. Rh7+ Kd8 49. Rxb7 Rxc4 50. Rxa7 Rc3 51. Rh7 Ke8 52. Kf5 Rc5+ 53. Kf6 Ra5 54. Rh5 Kf8 55. Rh8# 1-0


[Site "https://www.chess.com"]

[Event "Titled Tuesday Blitz November 08 Early 2022"]
[White "Shimanov, Aleksandr"]
[Black "Omariev, Maksim"]
[WhiteFideId "4198603"]
[BlackFideId "4193423"]
[WhiteElo "2605"]
[BlackElo "2440"]
[Result "1-0"]
[Round "11"]
[TimeControl "180+1"]
[Date "2022.11.09"]
[WhiteClock "0:00:20"]
[BlackClock "0:00:03"]

1. b4 h5 2. Bb2 h4 3. e4 d5 4. e5 h3 5. g3 Bf5 6. d3 e6 7. a3 c5 8. c3 Nd7 9. Nf3 Qc7 10. d4 cxd4 11. cxd4 Rc8 12. Nc3 Nh6 13. Rc1 Qd8 14. Be2 Be7 15. O-O O-O 16. Na4 Be4 17. Nc5 Bxf3 18. Bxf3 b6 19. Nd3 Bg5 20. Rxc8 Qxc8 21. Be2 Qc6 22. f4 Be7 23. Qd2 Nf5 24. Rc1 Qb7 25. Bg4 Rc8 26. Bxh3 Nb8 27. b5 Nd7 28. Ne1 Nf8 29. Bf1 Rc7 30. Nf3 Qc8 31. a4 Ng6 32. Bd3 Rxc1+ 33. Qxc1 Qxc1+ 34. Bxc1 Bb4 35. Kf2 Nge7 36. g4 Nh6 37. h3 Kf8 38. Be3 Ke8 39. Nh4 g6 40. f5 Nhg8 41. f6 Nc8 42. g5 Kd7 43. Kf3 Bc3 44. Kg4 Ke8 45. Ng2 Kf8 46. h4 Ke8 47. Nf4 Kf8 48. Bxg6 fxg6 49. Nxg6+ Kf7 50. Nf4 Nge7 51. fxe7 Nxe7 52. h5 Nf5 53. g6+ Ke7 54. Bf2 Bxd4 55. g7 Kf7 56. Bxd4 Nxd4 57. h6 Nf5 58. Kg5 d4 59. Nxe6 d3 60. Kxf5 d2 61. Ng5+ Ke8 62. g8=Q+ Kd7 63. Qd5+ Kc7 64. Ne6+ 1-0


[Site "https://www.chess.com"]

[Event "Titled Tuesday Blitz November 08 Early 2022"]
[White "Shuvalov, Evgenij"]
[Black "Winterberg, Lukas"]
[WhiteFideId "4187237"]
[BlackFideId "24622702"]
[WhiteElo "2049"]
[BlackElo "2349"]
[Result "0-1"]
[Round "11"]
[TimeControl "180+1"]
[Date "2022.11.09"]
[WhiteClock "0:00:03"]
[BlackClock "0:00:07"]

1. Nf3 Nf6 2. c4 e6 3. d4 d5 4. Nc3 Be7 5. Bg5 h6 6. Bh4 O-O 7. cxd5 Nxd5 8. Bg3 c5 9. e3 Nc6 10. Rc1 cxd4 11. Nxd4 Nxc3 12. bxc3 Bd7 13. Bd3 Qa5 14. Bb1 Rfd8 15. O-O e5 16. Nb3 Qc7 17. Qh5 Be8 18. Nd4 Bg5 19. Nf5 Ne7 20. h4 Nxf5 21. hxg5 Nxg3 22. fxg3 f6 23. Qh3 fxg5 24. Qf5 g6 25. Qf8+ Kh7 26. Rf6 Qg7 27. Rcf1 Qxf8 28. Rxf8 Kg7 29. R1f6 Rd1+ 30. Rf1 Rxf1+ 31. Rxf1 Rd8 32. Be4 b6 33. Rf2 Bf7 34. Rb2 Rc8 35. Rc2 Bc4 36. Kf2 Rd8 37. Bf3 Kf6 38. Be2 Bxe2 39. Kxe2 Kf5 40. Kf3 e4+ 41. Ke2 Kg4 42. Kf2 Rf8+ 43. Kg1 Rd8 44. Kf2 h5 45. c4 Rf8+ 46. Kg1 Kxg3 47. c5 bxc5 48. Rxc5 g4 49. Rc6 Rb8 50. Rc1 Rb2 51. a4 Rxg2+ 52. Kh1 Rh2+ 53. Kg1 Rg2+ 54. Kh1 h4 55. a5 Rh2+ 56. Kg1 Rg2+ 57. Kh1 h3 58. a6 Rh2+ 59. Kg1 Rg2+ 60. Kh1 Ra2 61. Rg1+ Kf3 62. Rf1+ Kxe3 63. Re1+ Kf4 64. Rf1+ Kg5 65. Rc1 g3 66. Rb1 Rxa6 67. Re1 Ra4 68. Rc1 a5 69. Rb1 Kg4 70. Rc1 Rb4 71. Ra1 a4 72. Kg1 Kf4 73. Kh1 e3 74. Kg1 e2 75. Kh1 Rd4 0-1


[Site "https://www.chess.com"]

[Event "Titled Tuesday Blitz November 08 Early 2022"]
[White "Shuvalova, Polina"]
[Black "Salman, Pavel"]
[WhiteFideId "24171760"]
[BlackFideId "24153753"]
[WhiteElo "2342"]
[BlackElo "2187"]
[Result "1-0"]
[Round "11"]
[TimeControl "180+1"]
[Date "2022.11.09"]
[WhiteClock "0:02:07"]
[BlackClock "0:00:39"]

1. d4 Nf6 2. Nf3 g6 3. Nbd2 d6 4. e4 Bg7 5. Bd3 Nbd7 6. O-O e5 7. c3 O-O 8. Re1 c6 9. Qc2 Qe7 10. a4 h6 11. b3 Kh7 12. Ba3 Rd8 13. Rad1 Nh5 14. Bf1 Qf6 15. Nc4 exd4 16. cxd4 d5 17. exd5 cxd5 18. Be7 Qc6 19. Bxd8 dxc4 20. Bxc4 Nf4 21. Qe4 Qd6 22. Be7 Qb8 23. Bxf7 a5 24. g3 Nh3+ 25. Kg2 Ra6 26. Nh4 Nf6 27. Qxg6+ Kh8 28. Bxf6 1-0


[Site "https://www.chess.com"]